 Dungeon Crawl Stone Soup version 0.14-a0-770-g009d3a2 (webtiles) character file.

129 Daniel the Slasher (level 3, -5/25 HPs)
             Began as a High Elf Gladiator on Nov 9, 2013.
             Slain by a centaur (6 damage)
             ... on Level 3 of the Dungeon.
             The game lasted 00:05:42 (1366 turns).

Daniel the Slasher (High Elf Gladiator)             Turns: 1366, Time: 00:05:42

HP  -5/25        AC  5     Str 14      XL: 3   Next: 76%
MP   4/4         EV 19     Int 12      God:
Gold 71          SH  0     Dex 21      Spells:  1 memorised,  0 levels left

Res.Fire  : . . .   See Invis. : .   a - +0 elf falchion
Res.Cold  : . . .   Warding    : .   b - +1 elf leather armour
Life Prot.: . . .   Conserve   : .   (no shield)
Res.Poison: .       Res.Corr.  : .   i - +0 helmet (curse)
Res.Elec. : .       Clarity    : .   (no cloak)
Sust.Abil.: . .     Spirit.Shd : .   (no gloves)
Res.Mut.  : .       Rnd.Telep. : +   (no boots)
Res.Rott. : .       Flight     : .   (no amulet)
Saprovore : . . .                    (no ring)
                                     m - cursed ring of teleportation

@: agile, slightly resistant to hostile enchantments, stealthy
A: no striking features
a: Evoke Teleportation


You were on level 3 of the Dungeon.
You were not hungry.

You visited 1 branch of the dungeon, and saw 3 of its levels.

You collected 71 gold pieces.

Inventory:

Hand weapons
 a - a +0,+0 elven falchion (weapon)
 e - a +1,+1 sling of velocity
Missiles
 r - 11 sling bullets
 t - a throwing net [frayed] (quivered)
Armour
 b - a +1 elven leather armour (worn)
 c - a +0 helmet
 i - a cursed +0 helmet (worn)
Comestibles
 f - 2 bread rations
 h - a chunk of hobgoblin flesh
 q - a choko
Scrolls
 n - a scroll of blinking
Jewellery
 m - a cursed ring of teleportation (left hand)
Potions
 g - a potion of curing
 o - 2 potions of paralysis
Books
 j - a book of Burglary

   Spells                             Type                      Level
   Apportation                        Translocation                1
   *Swiftness                         Charms/Air                   2
   Passwall                           Transmutation/Earth          3
   Passage of Golubria                Translocation                4
   Lee's Rapid Deconstruction         Earth                        5
   Darkness                           Hexes                        7


   Skills:
 - Level 2.4 Fighting
 * Level 4.4 Long Blades
 - Level 3.1 Throwing
 + Level 3.7 Dodging


You couldn't memorise any spells.
You knew the following spells:

 Your Spells              Type           Power        Failure   Level  Hunger
a - Swiftness             Chrm/Air       #.........   52%         2    ###....


Dungeon Overview and Level Annotations

Branches:
Dungeon (3/27)

Altars:


Message History

The helpless centaur fails to defend itself.
You slash the centaur!
The centaur is moderately wounded.
The centaur struggles against the net.
The net rips apart, and the centaur comes free!
The adder struggles against the net.
The centaur unwields an uncursed bow.
The centaur hits you but does no damage.
The quokka bites you but does no damage.
You closely miss the centaur.
The centaur is moderately wounded.
The adder struggles against the net.
The centaur hits you.
* * * LOW HITPOINT WARNING * * *
The quokka bites you.
* * * LOW HITPOINT WARNING * * *
The centaur hits you but does no damage.
Drink which item? (? for menu, Esc to quit)
You feel more agile all of a sudden.
It was a potion of agility.
The adder struggles to escape the net.
The centaur hits you.
You die...

∙∙∙∙▒ ▒∙∙∙∙∙∙∙■∙∙∙
∙ ∙∙∙∙▒
▒∙▒▒∙∙∙▒▒∙∙∙∙∙
∙∙∙∙▒
▒∙▒▒∙∙∙∙∙∙∙∙∙▒
∙∙∙∙▒
▒∙▒▒∙∙∙∙∙∙∙∙∙▒▒▒▒
∙∙∙∙▒
▒∙▒▒∙∙∙∙∙∙∙∙∙∙∙∙∙∙
∙∙∙∙▒
▒∙▒▒∙∙∙∙∙∙∙∙∙∙∙∙∙∙
▒▒▒▒▒▒ ▒▒'▒▒
▒∙▒▒▒∙∙∙∙?∙∙∙∙∙∙∙∙


∙∙∙∙∙∙∙ ▒▒∙▒▒▒▒∙∙∙∙∙∙∙∙∙∙∙∙∙∙∙∙∙∙ ∙∙∙∙∙∙∙ ▒∙∙∙∙∙∙∙∙∙∙∙∙(∙∙@∙∙∙∙∙∙∙∙ ▒▒▒∙∙∙▒
▒▒▒▒▒▒▒▒▒▒▒∙∙∙(crS∙∙∙$∙∙∙ ▒∙ ▒ ∙∙∙∙∙∙∙∙∙∙∙∙∙∙∙∙∙∙ ▒ ∙∙∙∙∙∙▒▒∙∙▒∙∙∙∙∙∙∙ ▒
∙∙∙∙∙∙▒▒∙∙▒∙∙∙∙∙∙∙ ▒ ∙∙∙∙∙▒▒∙∙▒∙∙∙∙∙∙ ▒ ▒▒▒▒▒▒∙∙▒∙∙∙∙∙ ▒ ▒∙∙▒∙∙∙∙ ▒∙∙▒∙ You
could see a centaur, an adder (caught) and a quokka.

Vanquished Creatures
  2 adders (D:2)
  A giant mite (D:2)
  A giant gecko (D:2)
  8 bats
  3 giant cockroaches
  5 goblins
  5 hobgoblins
  5 rats
30 creatures vanquished.

Notes
Turn   | Place    | Note
--------------------------------------------------------------
     0 | D:1      | Daniel, the High Elf Gladiator, began the quest for the Orb.
     0 | D:1      | Reached XP level 1. HP: 15/15 MP: 1/1
   337 | D:2      | Reached XP level 2. HP: 20/20 MP: 2/2
   347 | D:2      | Reached skill level 4 in Long Blades
   403 | D:2      | Reached XP level 3. HP: 11/25 MP: 4/4
  1293 | D:3      | Learned a level 2 spell: Swiftness
  1356 | D:3      | Noticed a centaur
  1365 | D:3      | HP: 1/25 [quokka (2)]
  1366 | D:3      | Slain by a centaur

Action                   || total
-------------------------++-------
Melee: Falchion          ||   126
Throw: Throwing net      ||     5
  Use: Scroll            ||     8
       Potion            ||     1
 Stab: Held in net/web   ||     3
       Sleeping          ||     1
